 Dungeon Crawl Stone Soup version 0.29-a0-982-gaed3a0c8d8 (webtiles) character file.

Game seed: 3383233875967667016

163 testman the Shooter (level 5, 0/32 HPs)
             Began as a Deep Elf Hunter on Aug 1, 2022.
             Was an Initiate of Ru.
             Slain by an iguana (3 damage)
             ... on level 4 of the Dungeon.
             The game lasted 00:04:45 (2581 turns).

testman the Shooter (Deep Elf Hunter)               Turns: 2581, Time: 00:04:46

Health: 0/32       AC:  7    Str:  8    XL:     5   Next: 20%
Magic:  7/7        EV: 12    Int: 14    God:    Ru [......]
Gold:   118        SH:  0    Dex: 20    Spells: 4/4 levels left

rFire   . . .      SeeInvis .   a - +0 shortbow
rCold   . . .      Faith    .   (shield currently unavailable)
rNeg    . . .      Spirit   .   c - +0 leather armour
rPois   .          Reflect  .   s - +2 helmet
rElec   .          Harm     .   (no cloak)
rCorr   .          Rampage  .   g - +0 pair of gloves
Will    .....                   (no boots)
Stlth   ++........              (no amulet)
HPRegen 0.10/turn               (no ring)
MPRegen 0.10/turn               (no ring)

@: no status effects
A: no striking features
a: Renounce Religion


You were on level 4 of the Dungeon.
You worshipped Ru.
Ru was noncommittal.
You visited 1 branch of the dungeon, and saw 4 of its levels.

You collected 118 gold pieces.

Inventory:

Hand Weapons
 a - a +0 shortbow (weapon)
Missiles
 h - 2 throwing nets
Armour
 c - a +0 leather armour (worn)
 g - a +0 pair of gloves (worn)
 s - a +2 helmet (worn)
Wands
 t - a wand of paralysis (12)
Scrolls
 b - a scroll of immolation
 f - a scroll of enchant armour {unknown}
 j - a scroll of torment {unknown}
 k - 5 scrolls of identify {unknown}
 l - 3 scrolls of enchant weapon {unknown}
 n - a scroll of poison {unknown}
 o - a scroll of fear {unknown}
 p - a scroll of magic mapping {unknown}
 q - 4 scrolls of teleportation {unknown}
Potions
 d - a potion of haste {unknown}
 e - a potion of might {unknown}
 i - a potion of cancellation {unknown}
 m - 3 potions of curing {unknown}
 r - 2 potions of brilliance {unknown}


   Skills:
 + Level 3.3 Fighting
 + Level 7.1 Ranged Weapons
 - Level 2.4 Dodging
 - Level 1.2 Stealth


You had 4 spell levels left.
You didn't know any spells.
Your spell library was empty.

Dungeon Overview and Level Annotations

Branches:
Dungeon (4/15)
 Temple: D:4-7

Altars:
Ashenzari
Ru
Uskayaw


Message History

The kobold hits you but does no damage.
You are too injured to fight recklessly!
You are too injured to fight recklessly!
Fire: a) +0 shortbow
Press: ? - help, Q - select action, (/) - cycle Shift-Dir - straight line, f/p - iguana
Aim: an iguana (heavily wounded, 69% to hit)
You shoot an arrow. The arrow barely misses the kobold.
The arrow barely misses the iguana.
The kobold hits you with a +0 dagger.
Fire: a) +0 shortbow
Press: ? - help, Q - select action, (/) - cycle Shift-Dir - straight line, f/p - iguana
Aim: an iguana (heavily wounded, 69% to hit)
You shoot an arrow. The arrow hits the kobold.
You kill the kobold!
Fire: a) +0 shortbow
Press: ? - help, Q - select action, (/) - cycle Shift-Dir - straight line, f/p - iguana
Aim: an iguana (heavily wounded, 69% to hit)
You shoot an arrow. The arrow closely misses the iguana.
The iguana barely misses you.
Fire: a) +0 shortbow
Press: ? - help, Q - select action, (/) - cycle Shift-Dir - straight line, f/p - iguana
Aim: an iguana (heavily wounded, 69% to hit)
You shoot an arrow. The arrow barely misses the iguana.
The iguana bites you!
* * * LOW HITPOINT WARNING * * *
Fire: a) +0 shortbow
Press: ? - help, Q - select action, (/) - cycle Shift-Dir - straight line, f/p - iguana
Aim: an iguana (heavily wounded, 69% to hit)
You shoot an arrow.
The arrow hits the iguana but does no damage.
The iguana is heavily wounded.
The iguana bites you but does no damage.
Fire: a) +0 shortbow
Press: ? - help, Q - select action, (/) - cycle Shift-Dir - straight line, f/p - iguana
Aim: an iguana (heavily wounded, 69% to hit)
You shoot an arrow. The arrow barely misses the iguana.
The iguana bites you.
* * * LOW HITPOINT WARNING * * *
The iguana bites you.
You die...

#..........
#..........
##.........
##.#......# .
#..###....# ..#
###..# ###### ...
###....# #..
####...##..#
#..##@..######..#
#..l#### #...
##.## ##..# #..
#.. #.# #. .. #.#
#. ..


You could see an iguana.

Vanquished Creatures
  An orc priest (D:3)
  Terence (D:2)
  An orc wizard (D:3)
  Robin (D:3)
  An adder (D:2)
  A dart slug (D:3)
  3 orcs (D:3)
  6 endoplasms
  2 giant cockroaches (D:1)
  10 goblins
  3 quokkas (D:3)
  5 ball pythons
  5 bats
  7 frilled lizards
  7 kobolds
  6 rats
60 creatures vanquished.

Notes
Turn   | Place    | Note
-------+----------+-------------------------------------------
     0 | D:1      | testman the Deep Elf Hunter began the quest for the Orb.
     0 | D:1      | Reached XP level 1. HP: 12/12 MP: 3/3
   264 | D:1      | Reached XP level 2. HP: 17/17 MP: 4/4
   628 | D:2      | Found a faded altar of an unknown god.
   718 | D:2      | Found a hide-covered altar of Uskayaw.
   803 | D:2      | Reached skill level 6 in Ranged Weapons
   803 | D:2      | Reached XP level 3. HP: 14/22 MP: 5/5
  1238 | D:2      | Noticed Terence
  1246 | D:2      | Killed Terence
  1803 | D:3      | Noticed Robin
  1804 | D:3      | Reached XP level 4. HP: 27/27 MP: 6/6
  1814 | D:3      | Killed Robin
  2187 | D:3      | Reached skill level 7 in Ranged Weapons
  2190 | D:3      | Reached XP level 5. HP: 21/32 MP: 7/7
  2346 | D:3      | Found a sacrificial altar of Ru.
  2351 | D:3      | Found a hide-covered altar of Uskayaw.
  2360 | D:3      | Became a worshipper of Ru the Awakened
  2504 | D:3      | Found a broken altar of Ashenzari.
  2581 | D:4      | Slain by an iguana

Illustrated notes

Levels and vault maps discovered:
D:1:      dpeg_arrival_fog, layout_loops_cross
D:2:      layout_rooms, nicolae_ecumenical_lake_church, serial_co_window_serial,
          co_window_cross_1, co_window_corner_a, co_window_paths_a,
          co_window_paths_a, co_window_of_opportunity_a,
          co_window_of_opportunity_a, co_window_paths_a, co_window_corner_b,
          co_window_broadway_a, co_window_corner_b, co_window_2corner,
          co_window_2corner, co_window_paths_e, co_window_4corner_a,
          glass_columns_a, basic_altar, uniq_terence
D:3:      layout_loops_ring, mainiacjoe_overflow_surrounded_room,
          grunt_temple_overflow_open, uniq_robin
D:4:      layout_cave_pods, good_gods_temple_1

Skill      XL: |  1  2  3  4 |
---------------+-------------+-----
Fighting       | 2 3 |  3.3
Ranged Weapons | 6 7 |  7.1
Dodging        | |  2.4
Stealth        | |  1.2

Action                   |  1- 3 |  4- 6 || total
-------------------------+-------+-------++-------
 Fire: Shortbow          |    79 |    73 ||   152
Armor: Leather armour    |     7 |    10 ||    17
Dodge: Dodged            |    20 |    14 ||    34

Table legend: (Time is in decaauts)
 A = Elapsed time spent in this place.
 B = Non-inter-level travel time spent in this place.
 C = Inter-level travel time spent in this place.
 D = Time resting spent in this place.
 E = Time spent auto-exploring this place.
 F = Levels seen in this place.
 G = Mean time per level.
                   A        B        C        D        E       F      G
               +--------+--------+--------+--------+--------+-----+--------+
         Total |   2621 |   2558 |     63 |      0 |   2212 |   4 |  655.2 |
       Dungeon |   2621 |   2558 |     63 |      0 |   2212 |   4 |  655.2 |
               +--------+--------+--------+--------+--------+-----+--------+

Top non-repeatable levels by time:
     D:2: 1217 daAuts
     D:3: 771 daAuts
     D:1: 593 daAuts
     D:4: 39 daAuts
